 Dungeon Crawl Stone Soup version 0.26-a0-660-gc07710193c (webtiles) character file.

Game seed: 12712653306614503573

2858 jasper the Thaumaturge (level 9, -1/66 HPs)
             Began as a Gnoll Hedge Wizard on Oct 6, 2020.
             Was an Elder of Cheibriados.
             Slain by a hellwing (3 damage)
             ... on level 9 of the Dungeon on Oct 7, 2020.
             The game lasted 00:27:09 (11149 turns).

jasper the Thaumaturge (Gnoll Hedge Wizard)        Turns: 11149, Time: 00:27:10

Health: -1/66      AC:  9    Str: 22    XL:     9   Next: 75%
Magic:  28/30      EV: 18    Int: 30    God:    Cheibriados [****..]
Gold:   342        SH:  0    Dex: 25    Spells: 10/25 levels left

rFire    . . .     SeeInvis .   A - +1 whip (elec)
rCold    . . .     Faith    .   (no shield)
rNeg     . . .     Spirit   .   u - +0 robe of Fortitude {*Contam +Inv rElec MP+9}
rPois    .         Reflect  .   e - +0 helmet
rElec    +         Harm     .   v - +0 cloak
rCorr    .         Rampage  .   f - +2 pair of gloves
MR       +....     Rnd*Rage +   s - +0 pair of boots (curse)
Stlth    ++++......             (no amulet)
HPRegen  0.21/turn              w - ring of protection from magic
MPRegen  0.22/turn              (no ring)

@: very slow
A: distributed training, fangs 1, berserk 1, strong nose
a: Bend Time, Temporal Distortion, Slouch, Renounce Religion, Evoke Invisibility


You were on level 9 of the Dungeon.
You worshipped Cheibriados.
Cheibriados was greatly pleased with you.
You visited 2 branches of the dungeon, and saw 10 of its levels.

You collected 432 gold pieces.
You spent 90 gold pieces at shops.

Inventory:

Hand Weapons
 a - a +0 dagger
 y - a +0 quarterstaff
 A - a +1 whip of electrocution (weapon)
 K - a +1 scythe of protection
 P - a cursed +3 flail of freezing
Missiles
 j - 223 stones
 k - 79 sling bullets
 l - 66 bolts
 o - 31 poisoned darts
 B - 17 boomerangs (quivered)
Armour
 b - a +0 robe
 c - a +0 hat
 e - a +0 helmet (worn)
 f - a +2 pair of gloves (worn)
 m - a +0 ring mail
 s - a cursed +0 pair of boots (worn)
 u - the +0 robe of Fortitude (worn) {*Contam +Inv rElec MP+9}
   (You found it on level 5 of the Dungeon)

   It insulates you from electricity.
   It affects your magic capacity (+9).
   It lets you turn invisible.
   It causes magical contamination when unequipped.
 v - a +0 cloak (worn)
 E - the +0 leather armour "Mubucel" {Dex+5 SInv}
   (You found it on level 7 of the Dungeon)

   It affects your dexterity (+5).
   It lets you see invisible.
 L - a +0 kite shield
Jewellery
 w - a ring of protection from magic (left hand)
Scrolls
 d - a scroll of magic mapping
 h - 3 scrolls of enchant weapon
 i - a scroll of summoning
 p - 4 scrolls of remove curse
 q - 2 scrolls of noise {unknown}
 t - a scroll of immolation {unknown}
 D - a scroll of brand weapon {unknown}
 G - 2 scrolls of fear {unknown}
 H - 4 scrolls of identify
 M - a scroll of fog {unknown}
Potions
 g - a potion of brilliance {unknown}
 n - 2 potions of flight
 r - a potion of berserk rage
 x - a potion of mutation {unknown}
 z - 3 potions of lignification {unknown}
 C - 2 potions of might {unknown}
 F - a potion of haste {unknown}
 I - a potion of cancellation {unknown}
 N - a potion of stabbing {unknown}


   Skills:
 + Level 4.5 Fighting
 + Level 4.5 Short Blades
 + Level 4.5 Long Blades
 + Level 4.5 Axes
 + Level 4.5 Maces & Flails
 + Level 4.5 Polearms
 + Level 4.5 Staves
 + Level 4.5 Slings
 + Level 4.5 Bows
 + Level 4.5 Crossbows
 + Level 4.5 Throwing
 + Level 4.5 Armour
 + Level 6.5 Dodging
 + Level 6.2 Stealth
 + Level 4.5 Shields
 + Level 4.5 Unarmed Combat
 + Level 8.5 Spellcasting
 + Level 4.3 Conjurations
 + Level 3.7 Hexes
 + Level 4.3 Summonings
 + Level 3.7 Necromancy
 + Level 4.3 Translocations
 + Level 3.7 Transmutations
 + Level 3.7 Fire Magic
 + Level 3.7 Ice Magic
 + Level 3.7 Air Magic
 + Level 3.7 Earth Magic
 + Level 3.7 Poison Magic
 + Level 5.0 Invocations
 + Level 4.5 Evocations


You had 10 spell levels left.
You knew the following spells:

 Your Spells              Type           Power        Failure   Level
a - Magic Dart            Conj           ####         1%          1
b - Blink                 Tloc           N/A          1%          2
c - Mephitic Cloud        Conj/Pois/Air  #####...     2%          3
d - Conjure Flame         Conj/Fire      #####...     2%          3
e - Call Imp              Summ           #####...     1%          2
f - Animate Dead          Necr           #####.....   9%          4

Your spell library contained the following spells:

 Spells                   Type           Power        Failure   Level
 Animate Skeleton         Necr           #####.       1%          1
 Pain                     Necr           ####         1%          1
 Slow                     Hex            #####...     1%          2
 Vampiric Draining        Necr           #####.....   2%          3
 Agony                    Necr           #####...     24%         5


Dungeon Overview and Level Annotations

Branches:
Dungeon (9/15)             Temple (1/1) D:4
   Lair: D:8-11         Orc: D:9-12

Altars:
Cheibriados
Elyvilon
Gozag
Makhleb
Okawaru
Ru
Uskayaw
Vehumet
Wu Jian
Xom
Yredelemnul
Zin

Shops:
D:5 [

Annotations:
D:2 Robin
D:4 1 runed translucent door, Crazy Yiuf
D:8 exclusions: door and 1 more exclusion


Innate Abilities, Weirdness & Mutations

Your experience applies equally to all skills.
You have very sharp teeth.
Your uncanny sense of smell can sniff out nearby items.
You tend to lose your temper in combat.


Message History

You feel strangely unstable.
Your crimson imp hits the centaur warrior skeleton.
Found a basalt altar of Yredelemnul.
You hit the centaur warrior skeleton but do no damage.
The centaur warrior skeleton is lightly damaged.
The centaur warrior skeleton closely misses you.
A shadow imp comes into view.
Unknown command.
Your surroundings suddenly seem different.
Your crimson imp barely misses the centaur warrior skeleton.
Unknown command.
The hellwing swoops through the air toward you!
The hellwing hits you.
* * * LOW HITPOINT WARNING * * *
The hellwing barely misses you.
The shadow imp lashes its tail.
The hellwing hits you!
* * * LOW HITPOINT WARNING * * *
The hellwing hits you.
You die...

_........).......#
5.......)..#.....#
.......).#####...##
.........####.....#
...........#.....#
.............# #
.............#
..##.##..5#### ..
#.#.#.5@#
....##.4.# . .....#
#..#..# ##.#### ##


You could see a hellwing, a shadow imp and a friendly crimson imp (summoned).

Vanquished Creatures
  Pikel (D:4)
  A harpy zombie (D:9)
  A sky beast (D:6)
  An orc warrior (D:9)
  An ogre (D:6)
  A centaur (D:6)
  3 lemures
  A bullfrog (D:6)
  Blork the orc (D:6)
  2 scorpions
  2 howler monkeys (D:7)
  5 wights
  A bullfrog zombie (D:6)
  A jelly (D:5)
  3 orc wizards
  3 orc priests
  3 hounds
  3 bullfrog skeletons (D:7)
  3 iguanas
  Natasha (D:2)
  3 worker ants
  2 gnolls (D:3)
  11 adders
  A shadow imp (D:9)
  2 ufetubi
  2 adder skeletons
  2 worms (D:3)
  4 leopard geckos
  16 orcs
  5 ball pythons
  7 bats
  4 giant cockroaches
  14 goblins
  9 hobgoblins
  6 jackals
  2 quokkas
  7 frilled lizards
  A jackal skeleton (D:5)
  9 kobolds
  A leopard gecko skeleton (D:7)
  A quokka skeleton (D:6)
  5 rats
152 creatures vanquished.

Vanquished Creatures (collateral kills)
  A centaur skeleton (D:9)
  Sigmund (D:3)
  A wyvern (D:8)
  Menkaure (D:6)
  An ice beast (D:8)
  A scorpion (D:9)
  A howler monkey (D:5)
  2 iguanas
  Terence (D:3)
  An orc wizard (D:5)
  2 worker ants
  A gnoll (D:3)
  A howler monkey skeleton (D:5)
  An adder (D:5)
  A white imp (D:6)
  An ufetubus (D:5)
  5 orcs
  A giant cockroach (D:6)
24 creatures vanquished.

Vanquished Creatures (others)
  5 withered plants (D:9)
5 creatures vanquished.

Grand Total: 181 creatures vanquished

Notes
Turn   | Place    | Note
-------+----------+-------------------------------------------
     0 | D:1      | jasper the Gnoll Hedge Wizard began the quest for the Orb.
     0 | D:1      | Reached XP level 1. HP: 13/13 MP: 8/8
   345 | D:1      | Reached XP level 2. HP: 19/19 MP: 6/10
   385 | D:1      | Learned a level 2 spell: Blink
  1233 | D:2      | Reached XP level 3. HP: 25/25 MP: 9/11
  1238 | D:2      | Learned a level 3 spell: Mephitic Cloud
  1242 | D:2      | Learned a level 3 spell: Conjure Flame
  1361 | D:2      | Reached skill level 1 in Invocations
  1427 | D:2      | Reached skill level 1 in Fighting
  1427 | D:2      | Reached skill level 1 in Short Blades
  1427 | D:2      | Reached skill level 1 in Long Blades
  1427 | D:2      | Reached skill level 1 in Axes
  1427 | D:2      | Reached skill level 1 in Maces & Flails
  1427 | D:2      | Reached skill level 1 in Polearms
  1427 | D:2      | Reached skill level 1 in Staves
  1427 | D:2      | Reached skill level 1 in Slings
  1427 | D:2      | Reached skill level 1 in Bows
  1427 | D:2      | Reached skill level 1 in Crossbows
  1427 | D:2      | Reached skill level 1 in Throwing
  1427 | D:2      | Reached skill level 1 in Armour
  1427 | D:2      | Reached skill level 1 in Shields
  1427 | D:2      | Reached skill level 1 in Unarmed Combat
  1427 | D:2      | Reached skill level 1 in Evocations
  1632 | D:2      | Reached XP level 4. HP: 32/32 MP: 10/13
  1732 | D:2      | Noticed Natasha
  2157 | D:3      | Found an ornate altar of the Wu Jian Council.
  2335 | D:4      | Found a snail-covered altar of Cheibriados.
  2427 | D:4      | Became a worshipper of Cheibriados the Contemplative
  2473 | D:4      | Noticed Pikel
  2663 | D:2      | Noticed Robin
  3163 | D:2      | Reached skill level 1 in Hexes
  3163 | D:2      | Reached skill level 1 in Necromancy
  3163 | D:2      | Reached skill level 1 in Transmutations
  3163 | D:2      | Reached skill level 1 in Fire Magic
  3163 | D:2      | Reached skill level 1 in Ice Magic
  3163 | D:2      | Reached skill level 1 in Air Magic
  3163 | D:2      | Reached skill level 1 in Earth Magic
  3163 | D:2      | Reached skill level 1 in Poison Magic
  3163 | D:2      | Reached XP level 5. HP: 28/37 MP: 1/14
  3479 | D:3      | Noticed Terence
  3495 | D:3      | Learned a level 2 spell: Call Imp
  3520 | D:3      | Killed Terence
  3520 | D:3      | Reached * piety under Cheibriados
  3764 | D:3      | Found a radiant altar of Vehumet.
  3765 | D:3      | Noticed Sigmund
  3861 | D:4      | Noticed a lemure
  3894 | D:4      | Noticed a lemure
  3898 | D:4      | Noticed a lemure
  3919 | D:4      | Killed a lemure
  3950 | D:5      | Entered Level 5 of the Dungeon
  4137 | D:5      | Reached XP level 6. HP: 18/44 MP: 11/16
  4588 | D:5      | Found a shimmering altar of Xom.
  4591 | D:5      | Found a shimmering altar of Xom.
  4593 | D:5      | Found a shimmering altar of Xom.
  4642 | D:5      | Reached ** piety under Cheibriados
  4642 | D:5      | Reached skill level 5 in Dodging
  4752 | D:5      | Found Wiedopri's Antique Armour Shop.
  4754 | D:5      | Got a slimy robe
  4765 | D:5      | Identified the +0 robe of Fortitude {*Contam +Inv rElec
                  | MP+9} (You found it on level 5 of the Dungeon)
  4771 | D:5      | Bought a cloak for 90 gold pieces
  5122 | D:6      | Found an opulent altar of Gozag.
  5244 | D:6      | Reached XP level 7. HP: 25/50 MP: 17/18
  5250 | D:6      | Noticed Blork the orc
  5979 | D:7      | Reached skill level 5 in Stealth
  6191 | D:7      | Got an ichor-stained leather armour
  6202 | D:7      | Identified the +0 leather armour "Mubucel" {Dex+5 SInv}
                  | (You found it on level 7 of the Dungeon)
  6207 | D:7      | Gained mutation: You tend to lose your temper in combat.
                  | [mutagenic glow]
  6662 | D:7      | Reached *** piety under Cheibriados
  6857 | D:8      | Reached XP level 8. HP: 57/57 MP: 19/19
  7373 | D:8      | Noticed a wyvern
  8511 | D:4      | Killed Pikel
  8511 | D:4      | Reached skill level 8 in Spellcasting
  8694 | D:4      | Found a staircase to the Ecumenical Temple.
  8892 | D:4      | Found a white marble altar of Elyvilon.
  9024 | D:4      | Found a runed translucent door.
  9025 | D:4      | Noticed Crazy Yiuf
  9315 | D:3      | Found a sacrificial altar of Ru.
  9317 | D:3      | Found a hide-covered altar of Uskayaw.
  9317 | D:3      | Found an iron altar of Okawaru.
  9330 | D:3      | Found a glowing silver altar of Zin.
  9334 | D:3      | Found a shimmering altar of Xom.
  9374 | D:3      | Reached XP level 9. HP: 60/65 MP: 21/21
  9593 | D:3      | Killed Sigmund
  9722 | D:2      | Killed Natasha
  9764 | D:2      | Found a burning altar of Makhleb.
  9789 | D:2      | Reached **** piety under Cheibriados
  9972 | Temple   | Entered the Ecumenical Temple
 10096 | D:6      | Killed Blork the orc
 10165 | D:6      | Noticed Menkaure
 10172 | D:6      | Killed Menkaure
 10895 | D:9      | Learned a level 4 spell: Animate Dead
 11116 | D:9      | Reached skill level 5 in Invocations
 11140 | D:9      | Noticed a hellwing
 11143 | D:9      | Found a basalt altar of Yredelemnul.
 11149 | D:9      | HP: 2/66 [hellwing (13)]
 11149 | D:9      | Slain by a hellwing

Illustrated notes

Levels and vault maps discovered:
D:1:      dpeg_arrival_tiny_a, layout_basic, minmay_misc_feat_square
D:2:      layout_rooms, makhleb_heckhound_becter, uniq_natasha, uniq_robin
D:3:      layout_loops_corners, lemuel_round_altar, vehumet_crystals,
          minmay_overflow_temple_star_hex, uniq_sigmund, uniq_terence
D:4:      layout_loops_cross, lemuel_crystal_altar, kennysheep_little_box,
          minmay_temple_entry_proselytizer, minmay_misc_feat_plants,
          st_stairs_10, uniq_pikel, uniq_crazy_yiuf_cottage
D:5:      layout_cave_pools, serial_shops, shop, xom_redecorated
D:6:      layout_basic, nicolae_gozag_seed_capital, uniq_blork_the_orc,
          uniq_menkaure
D:7:      layout_basic
D:8:      layout_basic
D:9:      cheibrodos_grave_circle, layout_cave_pools, lemuel_round_altar,
          overflow_temple_1_default, nemelex_lonely_heart_becter
Temple:   jpeg_temple_island

Skill      XL: |  1  2  3  4  5  6  7  8  9 |
---------------+----------------------------+-----
Conjurations   | 2 3 4 |  4.3
Summonings     | 2 3 4 |  4.3
Translocations | 2 3 4 |  4.3
Invocations    | 1 2 3 4 5 |  5.0
Fighting       | 1 2 3 4 |  4.5
Short Blades   | 1 2 3 4 |  4.5
Long Blades    | 1 2 3 4 |  4.5
Axes           | 1 2 3 4 |  4.5
Maces & Flails | 1 2 3 4 |  4.5
Polearms       | 1 2 3 4 |  4.5
Staves         | 1 2 3 4 |  4.5
Slings         | 1 2 3 4 |  4.5
Bows           | 1 2 3 4 |  4.5
Crossbows      | 1 2 3 4 |  4.5
Throwing       | 1 2 3 4 |  4.5
Armour         | 1 2 3 4 |  4.5
Shields        | 1 2 3 4 |  4.5
Unarmed Combat | 1 2 3 4 |  4.5
Evocations     | 1 2 3 4 |  4.5
Hexes          | 1 2 3 |  3.7
Necromancy     | 1 2 3 |  3.7
Transmutations | 1 2 3 |  3.7
Fire Magic     | 1 2 3 |  3.7
Ice Magic      | 1 2 3 |  3.7
Air Magic      | 1 2 3 |  3.7
Earth Magic    | 1 2 3 |  3.7
Poison Magic   | 1 2 3 |  3.7
Dodging        | 5 6 |  6.5
Stealth        | 5 6 |  6.2
Spellcasting   | 8 |  8.5

Action                   |  1- 3 |  4- 6 |  7- 9 || total
-------------------------+-------+-------+-------++-------
Melee: Dagger            |    10 |   101 |    10 ||   121
       Bite              |     1 |    14 |    36 ||    51
       Quarterstaff      |       |       |    50 ||    50
       Whip              |       |       |   142 ||   142
       Punch             |       |       |     8 ||     8
Throw: Boomerang         |       |       |     3 ||     3
 Cast: Magic Dart        |    68 |   150 |   113 ||   331
       Conjure Flame     |     1 |       |       ||     1
       Blink             |       |    10 |    10 ||    20
       Mephitic Cloud    |       |     6 |     4 ||    10
       Call Imp          |       |    36 |    62 ||    98
       Animate Dead      |       |       |     1 ||     1
  Use: Potion            |       |     4 |     3 ||     7
       Scroll            |       |     5 |     7 ||    12
 Stab: Sleeping          |       |     2 |     3 ||     5
       Distracted        |       |     1 |     5 ||     6
       Confused          |       |       |     1 ||     1
Armor: Robe              |    12 |    48 |    85 ||   145
Dodge: Dodged            |    22 |   247 |   319 ||   588

Table legend: (Time is in decaauts)
 A = Elapsed time spent in this place.
 B = Non-inter-level travel time spent in this place.
 C = Inter-level travel time spent in this place.
 D = Time resting spent in this place.
 E = Time spent auto-exploring this place.
 F = Levels seen in this place.
 G = Mean time per level.
                   A        B        C        D        E       F      G
               +--------+--------+--------+--------+--------+-----+--------+
         Total |  13388 |  12675 |    713 |   2337 |   7981 |  10 | 1338.8 |
       Dungeon |  13386 |  12673 |    713 |   2337 |   7981 |   9 | 1487.3 |
        Temple |      1 |      1 |      0 |      0 |      0 |   1 |    1.0 |
               +--------+--------+--------+--------+--------+-----+--------+

Top non-repeatable levels by time:
     D:3: 2156 daAuts
     D:4: 1919 daAuts
     D:6: 1754 daAuts
     D:7: 1686 daAuts
     D:2: 1400 daAuts
     D:1: 1394 daAuts
     D:5: 1384 daAuts
     D:8: 1347 daAuts
     D:9: 342 daAuts
  Temple: 1 daAuts
